AoeStats
← Legolas

Nomad

509034357Analyzed
2v2 RM · 8d ago on Sep 25, 2026· 30m 53s· 4 players
Game mode
Random Map
Map size
176×176
Population
200
Speed
Normal
Resources
Standard
Victory
Conquest
Starting age
Dark Age
Ending age
Imperial Age
RankedLock teamsTeams togetherTeam positionsShared explorationLock speedFull tech treeHidden civsTurbo modeCheats
Victory
Defeat
🇹🇼 Franks · Taiwan
912
+17
🇺🇾 Italians · Uruguay
859
+19
🇺🇸 Portuguese · United States
949
-19
🇨🇴 Armenians · Colombia
899
-17
Legolas
16:58 Feudal Age
15:17 Loom
18:07 Man-at-Arms
18:47 Long Swordsman
19:49 Double-Bit Axe
20:02 Arson
23:14 Scale Mail Armor
23:55 Forging
32:48 Castle Age
Gonzik
9:01 Loom
13:18 Feudal Age
14:33 Double-Bit Axe
14:33 Horse Collar
20:45 Castle Age
20:56 Pikeman
verna7019
5:46 Loom
15:14 Feudal Age
19:44 Castle Age
19:44 Gold Mining
19:51 Stone Mining
29:00 Fletching
fraso415
5:35 Loom
16:52 Feudal Age
17:21 Double-Bit Axe
23:56 Castle Age
23:24 Fishing Lines
23:57 Fletching
24:41 Forging
24:53 Crossbowman
25:40 Thumb Ring
27:00 Fishing Lines
28:05 Bodkin Arrow
28:10 Padded Archer Armor
Connection lost

Rejoining the realm…

Still unreachable

The connection could not be restored.

Session expired

The server has moved on; the page needs a fresh start.